 Dungeon Sprint DCSS version 0.20-a0-1058-g0491fde (webtiles) character file.

116 lordofpotatos the Skirmisher (level 4, -1/40 HPs)
             Began as a Demonspawn Berserker on Apr 26, 2017.
             Was an Initiate of Dithmenos.
             Slain by a deep elf mage
             ... wielding a +2 dire flail of protection
              (4 damage)
             ... in the Dungeon (Sprint V: "Ziggurat Sprint").
             The game lasted 00:04:44 (166 turns).

lordofpotatos the Skirmisher (Demonspawn Berserker)  Turns: 166, Time: 00:04:46

Health: -1/40      AC: 28    Str: 36    XL:     4   Next: 70%
Magic:  4/4        EV: 11    Int:  8    God:    Dithmenos [......]
Gold:   0          SH:  0    Dex: 16    Spells: 3/3 levels left

rFire    + + .     SeeInvis .   o - +1 sword of Power
rCold    . . .     Gourm    .   (shield currently unavailable)
rNeg     + . .     Faith    .   h - +15 Maxwell's patent armour {-Cast -Tele rElec MR+ rCorr}
rPois    .         Spirit   .   (no helmet)
rElec    +         Reflect  .   (no cloak)
rCorr    +         Harm     .   a - +0 pair of gloves of the Doldrums {-Tele rF++ rN+ Dex+4} (curse)
MR       +....     NoTele   +   (no boots) Stlth ..........NoCast +
                                (no amulet)
Regen    0.2/turn               z - +6 ring of strength
MPRegen  0.1/turn               A - +6 ring of strength

@: confused, mighty, lethally poisoned (-1 -> -67), slowed, very slow
A: claws 1, powered by death 1
a: Renounce Religion


You were in the Dungeon.
You worshipped Dithmenos.
Dithmenos was noncommittal.
You were not hungry.

You visited 1 branch

Inventory:

Hand Weapons
 o - the +1 sword of Power (weapon)
   (You found it in the Dungeon)
Armour
 a - the cursed +0 pair of gloves of the Doldrums (worn) {-Tele rF++ rN+ Dex+4}
   (You found it in the Dungeon)

   It affects your dexterity (+4).
   It greatly protects you from fire.
   It protects you from negative energy.
   It prevents most forms of teleportation.
   It has a curse placed upon it.
 h - the +15 Maxwell's patent armour (worn) {-Cast -Tele rElec MR+ rCorr}
   (You found it in the Dungeon)

   It insulates you from electricity.
   It affects your resistance to hostile enchantments.
   It prevents spellcasting.
   It prevents most forms of teleportation.
   It protects you from acid and corrosion.
Jewellery
 z - a +6 ring of strength (left hand)
 A - a +6 ring of strength (right hand)
Scrolls
 r - 5 scrolls of remove curse
Potions
 c - 8 potions of curing
 d - 9 potions of heal wounds
 e - 6 potions of haste
 f - 7 potions of magic
 g - 2 potions of berserk rage
 i - 2 potions of brilliance
 j - 2 potions of invisibility
 k - 4 potions of resistance
 m - 5 potions of agility
 n - 4 potions of might
Comestibles
 b - 5 bread rations
 t - 42 fruits
 u - 4 meat rations


   Skills:
 + Level 6.1 Fighting
 + Level 4.6 Long Blades
 + Level 5.1 Armour
 + Level 5.1 Dodging
 - Level 2.6 Unarmed Combat


You had 3 spell levels left.
You didn't know any spells.

Dungeon Overview and Level Annotations

Branches:
Dungeon (1/1)

Altars:
Ashenzari
Cheibriados
Dithmenos
Elyvilon
Fedhas
Gozag
Hepliaklqana
Kikubaaqudgha
Makhleb
Nemelex Xobeh
Okawaru
Qazlal
Ru
Sif Muna
Trog
Uskayaw
Vehumet
Wu Jian
Xom
Yredelemnul
Zin
The Shining One
Beogh
Jiyva
Lugonu

Annotations:
D 1 transporter


Innate Abilities, Weirdness & Mutations

You have sharp fingernails.
You regenerate a little health from kills.


Message History

You feel very sick.
The short sword of venom hits you but does no damage.
You are more poisoned.
The deep elf archer shoots an arrow.
The arrow barely misses you.
The short sword of venom barely misses you.
The deep elf mage hits you with a +2 dire flail of protection.
* * * LOW HITPOINT WARNING * * *
You feel a strong urge to attack something.
* * * LOW HITPOINT WARNING * * *
You feel very sick.
The short sword of venom hits you but does no damage.
You are more poisoned.
You are no longer berserk.
You are exhausted.
You feel yourself slow down.
* * * LOW HITPOINT WARNING * * *
You feel very sick.
The short sword of venom hits you but does no damage.
The deep elf mage hits you with a +2 dire flail of protection.
You die...

▓▓▓▓▓▓▓▓▓▓▓▓▓
▓.8©8.▓.8©8.▓
▓.=}).▓.....▓
▓.e...▓...:.▓
▓....*▓.....▓
▓.....▓.....▓
▓..(..▓.....▓
▓.@e..▓▓▓▓▓▓▓
▓▓▓▓▓▓▓


You could see a deep elf archer, a deep elf mage, a short sword of venom and a
battlesphere.

Vanquished Creatures
  A floating eye (D)
  An ooze (D)
2 creatures vanquished.

Notes
Turn   | Place    | Note
-------+----------+-------------------------------------------
     0 | D        | lordofpotatos the Demonspawn Berserker began the quest for the Orb.
     0 | D        | Reached XP level 1. HP: 18/18 MP: 1/1
     0 | D        | Found a blossoming altar of Fedhas.
     1 | D        | Found a deep blue altar of Sif Muna.
     1 | D        | Found a sacrificial altar of Ru.
     1 | D        | Found a bloodstained altar of Trog.
     1 | D        | Found a stormy altar of Qazlal.
     1 | D        | Found an iron altar of Okawaru.
     1 | D        | Found a sparkling altar of Nemelex Xobeh.
     3 | D        | Found an ancient bone altar of Kikubaaqudgha.
     3 | D        | Found a viscous altar of Jiyva.
     3 | D        | Found a corrupted altar of Lugonu.
     3 | D        | Found a hazy altar of Hepliaklqana.
     3 | D        | Found a burning altar of Makhleb.
     3 | D        | Found an opulent altar of Gozag.
   113 | D        | Fell from the grace of Trog
   113 | D        | Became a worshipper of Dithmenos the Shadowed
   126 | D        | Reached skill level 4 in Fighting
   126 | D        | Gained mutation: You have sharp fingernails. [demonic ancestry]
   126 | D        | Reached XP level 2. HP: 26/26 MP: 2/2
   127 | D        | Entered arena 2.
   127 | D        | Noticed a floating eye
   129 | D        | Paralysed by a floating eye for 2 turns
   131 | D        | Killed a floating eye
   131 | D        | Reached skill level 6 in Fighting
   131 | D        | Reached skill level 5 in Armour
   131 | D        | Reached skill level 5 in Dodging
   131 | D        | Reached XP level 3. HP: 34/34 MP: 3/3
   131 | D        | Gained mutation: You regenerate a little health from kills. [demonic ancestry]
   131 | D        | Reached XP level 4. HP: 40/40 MP: 4/4
   137 | D        | Got the cursed +0 pair of gloves of the Doldrums {-Tele rF++ rN+ Dex+4}
   148 | D        | Entered arena 3.
   148 | D        | Noticed a short sword of venom
   148 | D        | Noticed a deep elf archer
   148 | D        | Noticed a deep elf mage
   166 | D        | Slain by a deep elf mage

Vault maps used:
D:        sprint_v

Skill      XL: |  1  2 |
---------------+-------+-----
Fighting       | 4 6 |  6.1
Long Blades    | 3 4 |  4.6
Armour         | 3 5 |  5.1
Dodging        | 3 5 |  5.1
Unarmed Combat | |  2.6

Action                   |  1- 3 |  4- 6 || total
-------------------------+-------+-------++-------
Melee: Great sword       |     2 |    12 ||    14
  Use: Potion            |     1 |     5 ||     6
Armor: Plate armour      |     4 |    36 ||    40
Dodge: Dodged            |       |    15 ||    15
       Rpst.: Great sword |       |     6 ||     6
